 Dungeon Crawl Stone Soup version 0.22-a0-161-g198051c (webtiles) character file.

470 Azzok the Sneak (level 7, -5/50 HPs)
             Began as a Gnoll Enchanter on Feb 11, 2018.
             Killed by divine providence
             ... invoked by an orc priest
              (14 damage)
             ... on level 4 of the Dungeon.
             The game lasted 00:08:18 (3795 turns).

Azzok the Sneak (Gnoll Enchanter)                   Turns: 3795, Time: 00:08:19

Health: -5/50      AC:  5    Str: 10    XL:     7   Next: 9%
Magic:  2/15       EV: 14    Int: 20    God:
Gold:   116        SH:  0    Dex: 13    Spells: 14/17 levels left

rFire    + . .     SeeInvis .   a - +1 dagger
rCold    x . .     Gourm    .   (no shield)
rNeg     . . .     Faith    .   b - +0 robe
rPois    .         Spirit   .   s - +0 helmet
rElec    .         Reflect  .   j - +0 cloak
rCorr    .         Harm     .   e - +0 pair of gloves
MR       .....                  (no boots)
Stlth    +++.......             (no amulet)
HPRegen  0.16/turn              h - -2 ring of dexterity (curse)
MPRegen  0.14/turn              i - ring of fire (curse)

@: no status effects
A: distributed training, fangs 1, strong nose
a: no special abilities


You were on level 4 of the Dungeon.
You were hungry.

You visited 1 branch of the dungeon, and saw 4 of its levels.
You also visited: Sewer.

You collected 116 gold pieces.

Inventory:

Hand Weapons
 a - a +1 dagger (weapon)
 r - a cursed -2 dagger
Armour
 b - a +0 robe (worn)
 e - a +0 pair of gloves (worn)
 j - a +0 cloak (worn)
 s - a +0 helmet (worn)
Jewellery
 h - a cursed -2 ring of dexterity (left hand)
 i - a cursed ring of fire (right hand)
 l - an uncursed ring of wizardry {unknown}
 m - an uncursed ring of flight {unknown}
 q - an uncursed ring of poison resistance {unknown}
Scrolls
 k - a scroll of teleportation
 n - 5 scrolls of identify {unknown}
 o - 2 scrolls of amnesia {unknown}
 u - a scroll of remove curse {unknown}
Potions
 f - a potion of mutation {unknown}
 g - a potion of heal wounds {unknown}
 p - 2 potions of flight {unknown}
Books
 c - a book of Maledictions

   Spells                             Type                      Level
   a - Corona                         Hexes                        1
   b - Ensorcelled Hibernation        Hexes/Ice                    2
   c - Confuse                        Hexes                        3
   d - Tukima's Dance                 Hexes                        3
   e - Dazzling Spray                 Conjuration/Hexes            3
 t - a book of Changes

   Spells                             Type                      Level
   a - Beastly Appendage              Transmutation                1
   b - Sticks to Snakes               Transmutation                2
   c - Spider Form                    Transmutation/Poison         3
   d - Ice Form                       Ice/Transmutation            4
   e - Blade Hands                    Transmutation                5
Comestibles
 d - 10 rations


   Skills:
 + Level 2.2 Fighting
 + Level 3.4 Short Blades
 + Level 2.2 Long Blades
 + Level 2.2 Axes
 + Level 2.2 Maces & Flails
 + Level 2.2 Polearms
 + Level 2.2 Staves
 + Level 2.2 Slings
 + Level 2.2 Bows
 + Level 2.2 Crossbows
 + Level 2.2 Throwing
 + Level 2.2 Armour
 + Level 5.1 Dodging
 + Level 6.4 Stealth
 + Level 2.2 Shields
 + Level 2.2 Unarmed Combat
 + Level 5.5 Spellcasting
 + Level 1.8 Conjurations
 + Level 5.7 Hexes
 + Level 1.8 Charms
 + Level 1.8 Summonings
 + Level 1.8 Necromancy
 + Level 1.8 Translocations
 + Level 1.8 Transmutations
 + Level 1.8 Fire Magic
 + Level 1.8 Ice Magic
 + Level 1.8 Air Magic
 + Level 1.8 Earth Magic
 + Level 1.8 Poison Magic
 + Level 2.4 Invocations
 + Level 2.2 Evocations


You had 14 spell levels left.
You knew the following spells:

 Your Spells              Type           Power        Failure   Level  Hunger
a - Corona                Hex            ####...      1%          1    None
b - Ensorcelled Hibernat  Hex/Ice        ###...       3%          2    None


Dungeon Overview and Level Annotations

Branches:
Dungeon (4/15)
 Temple: D:4-7

Altars:


Innate Abilities, Weirdness & Mutations

Your experience applies equally to all skills.
You have very sharp teeth.
Your uncanny sense of smell can sniff out nearby items.


Message History

The orc hits you but does no damage.
You closely miss the orc. Your bite misses the orc.
The orc hits you with a whip.
* * * LOW HITPOINT WARNING * * *
There is an open door here.
Unknown command.
Casting: Ensorcelled Hibernation (safe; 3% risk of failure)
Confirm with . or Enter, or press ? or * to list all spells.
Aiming: Ensorcelled Hibernation (safe; 3% risk of failure)
Press: ? - help, Shift-Dir - straight line, f/p - orc
Aim: an orc, wielding a whip (chance to defeat MR: 67%)
The orc looks drowsy...
* * * LOW MAGIC WARNING * * *
The orc priest looks encouraged for a moment.
The helpless orc fails to defend itself.
You impale the orc!!
You kill the orc!
The orc priest calls down the wrath of Beogh upon you.
Beogh smites you!
You die...

▒······▒·▒▒▒·▒·▒··▒···▒▒·
▒······'·▒ ▒·▒·▒···▒▒·▒▒·
▒······▒▒▒▒▒·▒·▒······▒▒·
▒▒▒▒▒▒·▒ ▒·········▒···▒·
▒····▒ ▒·▒▒▒▒▒▒····▒·▒·
▒·▒▒▒▒▒▒···▒····▒··▒·╬·
▒·▒····▒▒▒·▒·▒▒·▒··▒·▒·
▒·▒·▒▒·▒ ▒···▒▒·▒▒▒▒···
▒···▒▒@▒▒▒·▒▒▒▒····▒···
▒▒▒▒▒·····▒▒ ▒▒▒▒'▒···
▒·····▒ ▒····▒▒▒ ▒·o···▒
▒····╬·· ▒▒)▒▒▒▒ ▒····▒▒▒
▒·▒ ▒····▒
▒▒▒▒▒▒▒▒)▒▒▒▒▒▒ ▒····▒ ∆
··············▒ ▒····▒
··············▒ ▒····▒


You could see an orc priest.

Vanquished Creatures
  2 scorpions (D:4)
  A hound (D:4)
  2 orc priests (D:3)
  An orc wizard (D:4)
  Natasha (twice) (D:3)
  A worker ant (D:4)
  Robin (D:3)
  7 adders
  3 oozes (D:1)
  4 worms
  2 dart slugs
  4 leopard geckos
  6 orcs
  3 giant cockroaches
  6 hobgoblins
  2 jackals (D:1)
  2 ball pythons (D:3)
  5 bats
  2 frilled lizards
  16 goblins
  8 kobolds
  A rat (D:2)
81 creatures vanquished.

Notes
Turn   | Place    | Note
-------+----------+-------------------------------------------
     0 | D:1      | Azzok the Gnoll Enchanter began the quest for the Orb.
     0 | D:1      | Reached XP level 1. HP: 13/13 MP: 6/6
    31 | D:1      | Reached XP level 2. HP: 13/19 MP: 5/7
   774 | D:1      | Learned a level 2 spell: Ensorcelled Hibernation
   846 | D:1      | Reached XP level 3. HP: 25/25 MP: 9/9
   937 | D:1      | Reached skill level 5 in Spellcasting
  1142 | D:1      | Reached skill level 6 in Stealth
  1327 | D:1      | Reached skill level 1 in Invocations
  1607 | D:2      | Reached skill level 1 in Fighting
  1607 | D:2      | Reached skill level 1 in Long Blades
  1607 | D:2      | Reached skill level 1 in Axes
  1607 | D:2      | Reached skill level 1 in Maces & Flails
  1607 | D:2      | Reached skill level 1 in Polearms
  1607 | D:2      | Reached skill level 1 in Staves
  1607 | D:2      | Reached skill level 1 in Slings
  1607 | D:2      | Reached skill level 1 in Bows
  1607 | D:2      | Reached skill level 1 in Crossbows
  1607 | D:2      | Reached skill level 1 in Throwing
  1607 | D:2      | Reached skill level 1 in Armour
  1607 | D:2      | Reached skill level 1 in Shields
  1607 | D:2      | Reached skill level 1 in Unarmed Combat
  1607 | D:2      | Reached skill level 1 in Evocations
  1607 | D:2      | Reached XP level 4. HP: 25/32 MP: 6/11
  2224 | D:3      | Reached skill level 1 in Conjurations
  2224 | D:3      | Reached skill level 1 in Charms
  2224 | D:3      | Reached skill level 1 in Summonings
  2224 | D:3      | Reached skill level 1 in Necromancy
  2224 | D:3      | Reached skill level 1 in Translocations
  2224 | D:3      | Reached skill level 1 in Transmutations
  2224 | D:3      | Reached skill level 1 in Fire Magic
  2224 | D:3      | Reached skill level 1 in Ice Magic
  2224 | D:3      | Reached skill level 1 in Air Magic
  2224 | D:3      | Reached skill level 1 in Earth Magic
  2224 | D:3      | Reached skill level 1 in Poison Magic
  2237 | D:3      | Noticed Robin
  2428 | D:3      | Reached XP level 5. HP: 20/37 MP: 1/12
  2728 | D:3      | Killed Robin
  2823 | D:3      | Found a glowing drain.
  2840 | Sewer    | Entered a sewer
  3187 | D:3      | Reached XP level 6. HP: 36/44 MP: 5/13
  3287 | D:3      | Noticed Natasha
  3294 | D:3      | Killed Natasha
  3531 | D:3      | Noticed Natasha
  3535 | D:3      | Killed Natasha
  3598 | D:4      | Reached skill level 5 in Dodging
  3754 | D:4      | Reached XP level 7. HP: 47/50 MP: 6/15
  3795 | D:4      | Killed from afar by an orc priest

Vault maps used:
D:1:      dpeg_arrival_rhombi, supply_closet_lemuel
D:3:      portal_sewer_entry_d, uniq_natasha, uniq_robin
D:4:      tgw_trog, nicolae_qazlal_general_emergency,
          gammafunk_temple_overflow_wave, first_ration
Sewer:    sewer_co_15_rooms

Skill      XL: |  1  2  3  4  5  6 |
---------------+-------------------+-----
Spellcasting   | 5 |  5.5
Stealth        | 6 |  6.4
Invocations    | 1 2 |  2.4
Fighting       | 1 2 |  2.2
Long Blades    | 1 2 |  2.2
Axes           | 1 2 |  2.2
Maces & Flails | 1 2 |  2.2
Polearms       | 1 2 |  2.2
Staves         | 1 2 |  2.2
Slings         | 1 2 |  2.2
Bows           | 1 2 |  2.2
Crossbows      | 1 2 |  2.2
Throwing       | 1 2 |  2.2
Armour         | 1 2 |  2.2
Shields        | 1 2 |  2.2
Unarmed Combat | 1 2 |  2.2
Evocations     | 1 2 |  2.2
Conjurations   | 1 |  1.8
Charms         | 1 |  1.8
Summonings     | 1 |  1.8
Necromancy     | 1 |  1.8
Translocations | 1 |  1.8
Transmutations | 1 |  1.8
Fire Magic     | 1 |  1.8
Ice Magic      | 1 |  1.8
Air Magic      | 1 |  1.8
Earth Magic    | 1 |  1.8
Poison Magic   | 1 |  1.8
Short Blades   | 3 |  3.4
Dodging        | 5 |  5.1
Hexes          | |  5.7

Action                   |  1- 3 |  4- 6 |  7- 9 || total
-------------------------+-------+-------+-------++-------
Melee: Dagger            |    98 |    95 |    12 ||   205
       Bite              |     9 |     2 |     1 ||    12
       Punch             |       |     1 |       ||     1
 Cast: Corona            |    10 |     3 |       ||    13
       Ensorcelled Hiber |    15 |    66 |     4 ||    85
  Use: Scroll            |     1 |     1 |       ||     2
 Stab: Sleeping          |    11 |    39 |     3 ||    53
  Eat: Chunk             |     2 |     7 |       ||     9
Armor: Robe              |    22 |    22 |     2 ||    46
Dodge: Dodged            |    91 |   103 |     6 ||   200

Table legend:
 A = Spawn XP
 B = Non-spawn XP
 C = Spawn XP percentage of total XP
 D = Spawn monster count
 E = Non-spawn monster count
 F = Spawn count percentage of total count
 G = Total turns spent on level
                    A         B        C        D         E        F      G
               +---------+---------+-------+---------+---------+-------+---------
         Total |       0 |     672 |   0.0 |       0 |      81 |   0.0 |  3795
               +---------+---------+-------+---------+---------+-------+---------
           D:1 |       0 |      58 |   0.0 |       0 |      22 |   0.0 |  1449
           D:2 |       0 |      46 |   0.0 |       0 |      14 |   0.0 |   869
           D:3 |       0 |     289 |   0.0 |       0 |      33 |   0.0 |  1239
           D:4 |       0 |     278 |   0.0 |       0 |      11 |   0.0 |   219
         Sewer |       0 |       1 |   0.0 |       0 |       1 |   0.0 |    19
               +---------+---------+-------+---------+---------+-------+---------
